Map: Rhoskallian LE

Players

SnakeMarine

  • Race: Zerg Zerg
  • League: Master
  • Spawn Location: 11:00

Zura

  • Race: Terran Terran
  • League: Master
  • Spawn Location: 12:00

Maplez

  • Race: Protoss Protoss
  • Spawn Location: 5:00

RockEr

  • Race: Protoss Protoss
  • League: Grandmaster
  • Spawn Location: 6:00

VOD

Have the link to the VOD?

Description

Time

  • Played on: Nov. 27, 2020, 9:27 p.m.
  • Length: 11:28
Show
View Real Time Build Order
Export as new Build Order

SnakeMarine Zerg 

Build Orders: Pool First 

Get SALT Encoding   

  12  0:18  Spawning Pool  
  11  0:24  Drone  
  11  0:27  Drone  
  13  0:32  Drone  
  14  0:43  Overlord  
  14  1:08  Zergling x6  
  17  1:21  Drone  
  17  1:25  Hatchery  
  17  1:30  Drone  
  18  1:44  Drone  
  18  1:45  Queen  
  21  1:52  Overlord  
  21  2:02  Drone  
  22  2:21  Queen  
  24  2:22  Overlord  
  22  2:33  Zergling x2, Extractor  
  22  2:36  Zergling x2  
  22  2:37  Queen  
  22  2:44  Zergling x2  
  25  2:46  Zergling x2  
  26  2:53  Zergling x2  
  26  2:57  Drone  
  28  3:02  Drone x2  
  28  3:03  Zergling x4  
  30  3:30  Zergling x12  
  29  3:54  Drone x3  
  29  3:55  Drone x4  
  32  3:56  Drone  
  34  4:05  Drone  
  34  4:06  Drone  
  36  4:19  Drone x2  
  36  4:20  Drone  
  39  4:31  Spore Crawler  
  39  4:35  Spore Crawler  
  34  4:56  Drone  
  34  4:57  Drone x7  
  39  5:05  Drone x2  
  38  5:09  Metabolic Boost  
  38  5:19  Zergling x2  
  38  5:20  Zergling x6  
  40  5:43  Lair  
  40  5:50  Hatchery  
  39  5:57  Drone x2  
  39  5:59  Drone  
  39  6:00  Drone x2  
  39  6:03  Overlord x2  
  44  6:29  Drone x6  
  44  6:30  Drone x4  
  54  6:40  Extractor  
  54  6:42  Extractor  
  54  6:43  Evolution Chamber  
  54  6:45  Hydralisk Den, Evolution Chamber  
  49  6:58  Zergling x4  
  49  6:59  Zergling x14  
  58  7:07  Drone x3  
  59  7:09  Drone  
  59  7:10  Zerg Missile Weapons Level 1  
  59  7:15  Zerg Ground Armor Level 1  
  60  7:28  Drone x6  
  66  7:30  Overlord x3  
  66  7:34  Overseer  
  66  7:45  Grooved Spines  
  66  7:47  Overlord  
  66  7:48  Overlord x3  
  66  7:53  Spore Crawler  
  66  7:54  Hydralisk x2  
  69  8:01  Hydralisk  
  69  8:04  Drone x3  
  69  8:05  Drone x2  
  76  8:12  Drone  
  75  8:29  Queen  
  70  8:34  Drone  
  70  8:35  Drone x13  
  70  8:38  Extractor x2  
  82  8:44  Drone x3  
  82  8:45  Drone x2  
  82  8:46  Drone  
  88  8:50  Hatchery  
  87  8:59  Extractor, Spire  
  87  9:02  Drone x2  
  87  9:17  Hydralisk  
  87  9:18  Hydralisk x7  
  87  9:22  Extractor  
  102  9:26  Drone x2, Extractor  
  102  9:28  Drone x2  
  102  9:29  Drone  
  102  9:30  Drone x2  
  108  9:35  Overlord x2  
  108  9:59  Hydralisk x4  
  110  10:00  Hydralisk x7  
  110  10:04  Overlord x2  
  130  10:10  Queen  
  131  10:50  Mutalisk x9  
  131  10:51  Mutalisk  
  151  10:58  Drone x3  
  151  10:59  Drone x2  
Show
View Real Time Build Order
Export as new Build Order

Zura Terran 

Build Orders: Reaper Expand 

Get SALT Encoding   

  12  0:00  SCV  
  13  0:12  SCV  
  14  0:18  Supply Depot  
  14  0:25  SCV  
  15  0:39  SCV  
  15  0:40  Barracks  
  16  0:51  SCV  
  16  0:52  Refinery  
  17  1:04  SCV  
  18  1:16  SCV  
  19  1:29  Orbital Command  
  19  1:36  Reaper  
  20  1:49  Command Center  
  20  1:55  SCV  
  21  2:08  Marine  
  22  2:11  SCV  
  22  2:13  Supply Depot  
  23  2:17  Factory  
  23  2:18  Refinery  
  23  2:30  Barracks Reactor  
  23  2:35  SCV  
  24  3:02  SCV  
  24  3:04  Widow Mine  
  27  3:08  Orbital Command  
  27  3:10  Supply Depot  
  27  3:11  Marine x2  
  29  3:14  Starport  
  29  3:15  SCV  
  30  3:25  Factory Tech Lab  
  30  3:29  Marine x2  
  32  3:39  SCV  
  32  3:40  SCV  
  34  3:46  Marine x2  
  39  3:51  SCV  
  40  4:00  Widow Mine  
  40  4:01  Medivac  
  41  4:03  Armory  
  41  4:04  SCV x2  
  41  4:07  Supply Depot  
  43  4:12  Marine x2  
  43  4:16  SCV x2  
  47  4:21  Widow Mine  
  49  4:28  SCV  
  49  4:29  SCV  
  49  4:30  Marine x2  
  53  4:31  Starport Tech Lab  
  53  4:36  Engineering Bay  
  53  4:40  SCV  
  54  4:48  Marine x2  
  54  4:49  SCV  
  54  4:51  Raven  
  59  4:53  SCV  
  58  5:01  SCV  
  58  5:05  SCV  
  58  5:06  Marine x2  
  59  5:13  SCV  
  57  5:17  SCV  
  56  5:24  Marine x2  
  58  5:28  SCV  
  58  5:34  SCV  
  58  5:42  Marine  
  57  5:58  SCV x2  
  57  6:01  Marine x2  
  59  6:09  Refinery x2  
  59  6:10  SCV  
  59  6:11  SCV, Barracks  
  61  6:12  Barracks  
  61  6:17  Barracks  
  61  6:18  Barracks  
  61  6:23  SCV  
  61  6:24  Supply Depot x2  
  62  6:41  SCV x2  
  62  6:45  Siege Tank, Marine x2  
  67  6:49  Supply Depot  
  67  6:50  Supply Depot x2  
  67  6:53  SCV x2  
  69  6:57  Starport Reactor  
  70  7:05  Barracks Tech Lab, SCV x2  
  70  7:07  Barracks Tech Lab  
  69  7:09  Stimpack  
  69  7:10  Barracks Tech Lab  
  69  7:12  Terran Infantry Weapons Level 1  
  69  7:17  SCV x2, Engineering Bay  
  69  7:21  Marine x2  
  73  7:26  Marauder  
  73  7:28  Marauder  
  73  7:29  SCV x2  
  79  7:30  Marauder  
  79  7:32  Marauder  
  79  7:36  Medivac x2  
  87  7:40  Combat Shield  
  87  7:42  SCV, Concussive Shells  
  87  7:43  SCV  
  89  7:46  Missile Turret  
  89  7:47  Marauder  
  89  7:48  Marine  
  92  7:53  Terran Infantry Armor Level 1  
  92  7:58  Supply Depot, Marauder, Marine  
  94  7:59  Supply Depot  
  94  8:02  Marauder  
  94  8:03  Marauder  
  99  8:12  SCV  
  100  8:16  Command Center  
  100  8:37  Marauder x3, Marine  
  100  8:38  Medivac, Marauder, Siege Tank  
  100  8:41  Supply Depot  
  114  8:45  Missile Turret  
  114  8:47  Missile Turret  
  114  8:49  Marine  
  114  8:52  Missile Turret  
  114  8:55  Marine  
  115  8:58  Marauder  
  115  9:02  SCV  
  123  9:03  Marauder x2  
  123  9:06  Terran Infantry Weapons Level 2  
  123  9:18  Marine  
  123  9:19  Marauder  
  126  9:26  Marine x2  
  126  9:27  Medivac  
  126  9:28  Marauder  
  126  9:30  Marine  
  124  9:35  Orbital Command  
  124  9:38  Supply Depot  
  120  9:40  Medivac, Marauder  
  120  9:44  Marauder  
  126  9:49  Marauder  
  128  9:59  Medivac  
  130  10:03  SCV  
  131  10:10  Medivac  
  131  10:12  Supply Depot  
  131  10:13  Supply Depot  
  133  10:24  Marauder, Marine x2  
  133  10:25  Marauder, Marine x2  
  141  10:33  Supply Depot  
  141  10:34  Orbital Command, Supply Depot  
  141  10:36  Missile Turret x2  
  141  10:42  Marine x2  
  143  10:43  Marauder, Marine  
  143  10:46  Marauder, Marine  
  149  10:50  Siege Tank  
  149  10:52  SCV  
  153  10:57  Supply Depot  
  153  11:00  Marine  
Show
View Real Time Build Order
Export as new Build Order

Maplez Protoss 

Build Orders: Dark Templar Rush 

Get SALT Encoding   

  12  0:00  Probe  
  13  0:12  Probe  
  14  0:18  Pylon  
  14  0:24  Probe (Chrono Boost)  
  15  0:37  Probe (Chrono Boost)  
  15  0:39  Gateway  
  16  0:44  Probe (Chrono Boost)  
  16  0:47  Assimilator  
  17  0:51  Probe  
  17  0:56  Assimilator  
  18  1:03  Probe  
  19  1:12  Gateway  
  19  1:15  Probe  
  20  1:28  Cybernetics Core  
  20  1:29  Probe  
  21  1:36  Zealot  
  23  1:45  Pylon  
  23  2:03  Probe  
  23  2:05  Adept x2 (Chrono Boost)  
  23  2:08  Warp Gate  
  27  2:21  Twilight Council  
  27  2:27  Adept  
  29  2:37  Probe  
  30  2:49  Probe  
  31  3:01  Dark Shrine  
  31  3:07  Pylon  
  31  3:27  Probe, Pylon  
  31  3:30  Nexus  
  31  3:31  Pylon  
  32  3:39  Probe  
  30  3:51  Probe  
  27  3:55  Resonating Glaives (Chrono Boost)  
  27  4:03  Probe  
  28  4:13  Dark Templar x2  
  28  4:16  Probe  
  33  4:21  Pylon  
  33  4:28  Probe  
  34  4:37  Shield Battery  
  34  4:42  Shield Battery  
  34  4:46  Dark Templar  
  34  4:47  Dark Templar  
  34  4:49  Probe  
  38  4:55  Probe  
  37  5:01  Probe  
  38  5:08  Probe  
  38  5:13  Probe  
  40  5:20  Probe  
  41  5:25  Probe  
  42  5:32  Probe  
  41  5:37  Probe (Chrono Boost)  
  41  5:40  Assimilator  
  41  5:41  Assimilator, Zealot x2  
  46  5:44  Probe (Chrono Boost)  
  46  5:45  Robotics Facility  
  46  5:50  Probe (Chrono Boost)  
  46  5:56  Probe (Chrono Boost)  
  47  5:58  Probe (Chrono Boost)  
  47  6:01  Probe (Chrono Boost)  
  47  6:03  Shadow Stride (Chrono Boost)  
  47  6:04  Probe  
  49  6:10  Probe  
  49  6:12  Zealot  
  49  6:13  Zealot  
  49  6:15  Pylon  
  49  6:16  Probe  
  54  6:18  Charge (Chrono Boost)  
  54  6:22  Probe  
  55  6:28  Probe  
  56  6:34  Warp Prism, Probe  
  58  6:46  Dark Templar  
  61  6:50  Dark Templar  
  62  7:02  Gateway  
  62  7:10  Nexus  
  62  7:11  Pylon  
  62  7:12  Gateway  
  62  7:20  Pylon  
  62  7:26  Pylon  
  62  7:29  Gateway  
  62  7:38  Probe x2  
  64  7:44  Dark Templar x2  
  64  7:50  Probe  
  70  7:54  Forge  
  70  7:55  Gateway  
  70  7:58  Gateway  
  70  8:02  Dark Templar, Pylon  
  70  8:05  Blink  
  71  8:06  Dark Templar  
  71  8:08  Probe  
  70  8:34  Probe  
  63  8:36  Protoss Ground Armor Level 1 (Chrono Boost), Zealot x5  
  73  8:48  Probe x2  
  76  9:00  Probe (Chrono Boost)  
  78  9:04  Dark Templar x6  
  78  9:07  Dark Templar  
  78  9:09  Probe (Chrono Boost)  
  91  9:12  Probe (Chrono Boost)  
  90  9:31  Nexus  
  90  9:33  Pylon  
  78  9:58  Pylon  
  78  9:59  Archon  
  78  10:00  Pylon  
  78  10:15  Forge  
  78  10:16  Probe, Pylon  
  78  10:17  Probe  
  80  10:22  Dark Templar x3  
  80  10:23  Dark Templar x3  
  80  10:25  Dark Templar  
  92  10:28  Probe  
  92  10:29  Archon  
  92  10:30  Probe  
  94  10:41  Probe  
  94  10:42  Probe  
  94  10:43  Probe  
  95  10:53  Probe  
  96  11:06  Nexus  
  96  11:08  Pylon  
  96  11:15  Dark Templar x5  
Show
View Real Time Build Order
Export as new Build Order

RockEr Protoss 

Build Orders:  

Get SALT Encoding   

  12  0:00  Probe  
  13  0:14  Probe  
  14  0:24  Pylon  
  14  0:27  Probe  
  15  0:42  Probe (Chrono Boost)  
  16  0:47  Gateway  
  16  0:54  Probe (Chrono Boost)  
  16  0:55  Assimilator  
  17  1:00  Probe (Chrono Boost)  
  18  1:11  Probe  
  19  1:29  Probe  
  19  1:30  Gateway  
  19  1:32  Assimilator  
  20  1:36  Cybernetics Core  
  20  1:46  Probe  
  21  1:58  Probe  
  21  1:59  Pylon  
  22  2:01  Pylon  
  22  2:10  Probe  
  27  2:24  Robotics Facility  
  27  2:32  Pylon  
  27  2:36  Probe  
  28  2:38  Adept (Chrono Boost)  
  28  2:39  Adept (Chrono Boost)  
  28  2:41  Warp Gate  
  26  2:53  Probe  
  25  3:05  Probe  
  26  3:18  Probe  
  27  3:25  Twilight Council  
  27  3:30  Probe  
  27  3:48  Nexus  
  27  3:56  Pylon  
  27  3:59  Probe  
  28  4:06  Blink (Chrono Boost)  
  28  4:12  Probe  
  29  4:31  Adept x2  
  33  4:34  Pylon  
  33  4:55  Nexus  
  33  5:06  Pylon  
  33  5:20  Robotics Facility  
  33  5:24  Probe  
  34  5:29  Nexus  
  33  5:36  Probe  
  34  6:08  Probe, Observer  
  34  6:11  Probe  
  36  6:20  Probe  
  36  6:24  Stalker  
  38  6:32  Probe  
  39  6:44  Probe  
  40  6:53  Probe  
  42  6:54  Probe  
  42  6:56  Probe  
  42  6:57  Stalker x2  
  47  7:03  Pylon  
  47  7:05  Probe (Chrono Boost)  
  49  7:11  Probe (Chrono Boost), Pylon  
  49  7:12  Probe (Chrono Boost)  
  50  7:17  Probe (Chrono Boost)  
  53  7:23  Probe x2 (Chrono Boost)  
  53  7:26  Probe (Chrono Boost)  
  56  7:30  Stalker  
  56  7:31  Probe x2 (Chrono Boost)  
  56  7:35  Probe (Chrono Boost), Stalker  
  56  7:36  Probe (Chrono Boost)  
  56  7:37  Probe (Chrono Boost)  
  61  7:39  Observer  
  61  7:43  Probe (Chrono Boost)  
  65  7:47  Probe (Chrono Boost)  
  65  7:48  Probe (Chrono Boost)  
  67  7:54  Forge, Probe (Chrono Boost)  
  67  7:56  Probe x2 (Chrono Boost)  
  67  7:57  Robotics Bay  
  70  8:00  Probe (Chrono Boost)  
  70  8:01  Probe (Chrono Boost)  
  70  8:02  Probe (Chrono Boost)  
  70  8:03  Observer (Chrono Boost)  
  74  8:07  Pylon  
  74  8:08  Charge  
  74  8:10  Probe (Chrono Boost)  
  75  8:14  Probe (Chrono Boost)  
  75  8:19  Probe (Chrono Boost)  
  77  8:21  Shield Battery  
  77  8:23  Shield Battery  
  77  8:24  Probe x2 (Chrono Boost)  
  77  8:25  Pylon  
  77  8:26  Probe (Chrono Boost)  
  80  8:32  Protoss Ground Weapons Level 1  
  80  8:34  Probe x2  
  80  8:39  Photon Cannon x2  
  80  8:40  Photon Cannon  
  81  8:42  Disruptor (Chrono Boost)  
  84  8:48  Stalker x2  
  84  8:52  Gateway  
  88  8:57  Photon Cannon  
  88  8:58  Photon Cannon  
  88  9:00  Shield Battery  
  88  9:04  Probe x2  
  88  9:05  Robotics Facility, Probe  
  88  9:07  Assimilator  
  91  9:12  Pylon  
  91  9:13  Stalker  
  93  9:27  Probe  
  93  9:30  Probe  
  94  9:34  Stalker  
  96  9:50  Gateway  
  96  9:52  Gateway x2  
  96  9:55  Gateway, Disruptor (Chrono Boost)  
  96  9:58  Assimilator  
  96  9:59  Probe x2  
  101  10:12  Assimilator, Pylon  
  101  10:14  Pylon  
  101  10:16  Assimilator  
  101  10:18  Gateway  
  101  10:23  Gateway  
  101  10:27  Gateway  
  101  10:30  Gateway, Disruptor (Chrono Boost), Probe x2  
  101  10:32  Probe  
  101  10:33  Disruptor (Chrono Boost)  
  101  10:35  Stalker  
  112  10:36  Zealot  
  112  10:37  Nexus, Zealot  
  112  10:40  Pylon x2  
  112  10:41  Pylon  
  112  10:42  Probe, Pylon  
  117  10:43  Pylon  
  117  10:48  Pylon  
  117  10:49  Pylon  
  117  10:54  Photon Cannon  
  117  10:58  Photon Cannon, Probe x2  
  117  11:00  Photon Cannon  
  119  11:08  Stalker x2  
  89  11:22  Stalker x2  
  89  11:24  Zealot x4  
Tags
 
Add a new tag
Caveats
  • Supply blocks, unpowered buildings, or Contaminate may cause inaccurate times.
  • Supply counts are checked every 10 seconds.